AoeStats
← 一兵不出真君

Marketplace

505011953Analyzed
1v1 RM · 25d ago on Sep 7, 2026· 24m 56s· 2 players
Game mode
Random Map
Map size
Tiny (2 player)
Population
200
Speed
Normal
Resources
Standard
Victory
Conquest
Starting age
Dark Age
Ending age
Imperial Age
RankedLock teamsTeams togetherTeam positionsShared explorationLock speedFull tech treeHidden civsTurbo modeCheats
Victory
Defeat
🇨🇳 Shu · China
1906
+11
🇺🇸 Khmer · United States
1795
-11
xxhxxzxc
10:29 Feudal Age
14:10 Castle Age
13:29 Double-Bit Axe
14:25 Loom
22:27 Town Watch
一兵不出真君
8:52 Feudal Age
7:46 Loom
8:55 Loom
11:20 Fletching
12:13 Double-Bit Axe
19:37 Castle Age
18:37 Gold Mining
19:42 Crossbowman
20:34 Bodkin Arrow
21:25 Padded Archer Armor
24:53 Ballistics
25:29 Leather Archer Armor
Connection lost

Rejoining the realm…

Still unreachable

The connection could not be restored.

Session expired

The server has moved on; the page needs a fresh start.